 Dungeon Crawl Stone Soup version 0.28.0-43-g3370ac3207 (webtiles) character file.

Game seed: 816638261456461921

163 pkoi the Changer (level 5, 0/33 HPs)
             Began as an Octopode Transmuter on Mar 21, 2022.
             Succumbed to a scorpion's poison
             ... on level 3 of the Dungeon.
             The game lasted 00:04:56 (3204 turns).

pkoi the Changer (Octopode Transmuter)              Turns: 3204, Time: 00:04:57

Health: 0/33       AC:  2    Str: 10    XL:     5   Next: 44%
Magic:  7/9        EV: 19    Int: 17    God:
Gold:   98         SH:  0    Dex: 17    Spells: 3/9 levels left

rFire   . . .      SeeInvis .     - Unarmed
rCold   . . .      Faith    .   (shield currently unavailable)
rNeg    . . .      Spirit   .   (helmet currently unavailable)
rPois   x          Reflect  .   (no amulet)
rElec   .          Harm     .   g - ring of wizardry
rCorr   .          Rampage  .   (no ring)
Will    .....                   (no ring)
Stlth   ++........              (no ring)
HPRegen 0.11/turn               (no ring)
MPRegen 0.11/turn               (no ring)
                                (no ring)
                                (no ring)

@: lethally poisoned (0 -> -22), spider-form (expiring), hasted, very quick
A: venomous fangs, almost no armour, (amphibious), 8 rings, tiny, (camouflage
1), (gelatinous body 1), (nimble swimmer 1), (tentacles)
a: End Transformation


You were on level 3 of the Dungeon.
You were a venomous arachnid creature.
You visited 1 branch of the dungeon, and saw 3 of its levels.

You collected 98 gold pieces.

Inventory:

Hand Weapons
 b - a +0 dagger
 d - a +0 hunting sling
 h - a +0 dagger
Missiles
 c - 61 stones
Jewellery
 g - a ring of wizardry (left front leg)
Scrolls
 f - a scroll of teleportation
 i - a scroll of summoning
 k - a scroll of identify
Potions
 a - a potion of mutation
 e - a potion of might
 l - a potion of attraction


   Skills:
 - Level 1.0 Fighting
 - Level 2.0 Dodging
 + Level 3.7 Unarmed Combat
 + Level 2.8 Spellcasting
 * Level 3.8 Transmutations
 + Level 2.1 Poison Magic


You had 3 spell levels left.
You knew the following spells:

 Your Spells              Type           Power      Damage    Failure   Level
a - Beastly Appendage     Tmut           30%        N/A       4%          1
b - Wereblood             Tmut           15%        N/A       6%          2
c - Spider Form           Tmut/Pois      12%        N/A       14%         3

Your spell library contained the following spells:

 Spells                   Type           Power      Damage    Failure   Level
 Ice Form                 Ice/Tmut       9%         N/A       47%         4


Dungeon Overview and Level Annotations

Branches:
Dungeon (3/15)

Altars:

Shops:
D:2 :


Innate Abilities, Weirdness & Mutations

You are a venomous arachnid creature.
You have poisonous fangs.
You are tiny and dextrous.
Your spellcasting is less reliable in this form.
Your armour is entirely melded.
You are incapable of wielding weapons or throwing items.
You cannot wear most types of armour.
((You are amphibious.))
You can wear up to eight rings at the same time.
((Your skin changes colour to match your surroundings (Stealth+).))
((Your rubbery body absorbs attacks. (AC +1, EV +1)))
((You are camouflaged when in or above water. (Stealth+)))
((You have tentacles for arms and can constrict up to eight enemies at once.))


Message History

Your transformation has ended.
You howl as the wereblood boils in your veins!
Your primal bloodlust is almost over.
You howl as the wereblood boils in your veins!
Your primal bloodlust has ended.
Magic restored.
You see here a +0 leather armour.
You hear the slow rusting of a very distant drain.
You now have 98 gold pieces (gained 11).
A scorpion comes into view.
A scorpion is nearby!
Found a stone staircase leading down.
Casting: Wereblood (safe; 2% risk of failure)
Confirm with . or Enter, or press ? or * to list all spells.
You turn into a venomous arachnid creature.
The scorpion misses you. The scorpion stings you!
* * * LOW HITPOINT WARNING * * *
You barely miss the scorpion. The scorpion stings you!
* * * LOW HITPOINT WARNING * * *
You barely miss the scorpion.
Your transformation is almost over.
The scorpion misses you.
You hit the scorpion.
The scorpion is moderately wounded.
The scorpion misses you.
Unknown command.
You barely miss the scorpion.
The scorpion is moderately wounded.
The scorpion stings you!
* * * LOW HITPOINT WARNING * * *
Unknown command.
You hit the scorpion but do no damage.
The scorpion is poisoned.
The scorpion is moderately wounded.
The scorpion stings you.
* * * LOW HITPOINT WARNING * * *
You are lethally poisoned!
The scorpion poisons you!
Unknown command.
It was a potion of haste.
You feel yourself speed up.
You die...

#. .# ..#.# .#
#...## .. #....
##.##...# . .....
###. #.s# ....##.s#
.>......#########
###.............####
#......###.....[.#
#.##...# #.##.##.#
#.#...####.##.##†##
#.......##......<†#
#.#...#.##.##.##..#
#.##.##.##.##.##..#


You could see a scorpion (very poisoned).

Vanquished Creatures
  An ogre (D:2)
  4 adders (D:2)
  A worm (D:2)
  A dart slug (D:2)
  3 bats
  4 endoplasms
  2 giant cockroaches (D:1)
  5 goblins
  2 hobgoblins (D:1)
  4 jackals (D:3)
  A quokka (D:3)
  5 ball pythons
  2 frilled lizards
  5 kobolds
  2 rats
42 creatures vanquished.

Notes
Turn   | Place    | Note
-------+----------+-------------------------------------------
     0 | D:1      | pkoi the Octopode Transmuter began the quest for the Orb.
     0 | D:1      | Reached XP level 1. HP: 13/13 MP: 3/3
   425 | D:1      | Reached XP level 2. HP: 18/18 MP: 5/5
   546 | D:1      | Found a faded altar of an unknown god.
   816 | D:1      | Learned a level 2 spell: Wereblood
  1468 | D:2      | Reached XP level 3. HP: 14/23 MP: 4/6
  1833 | D:2      | Learned a level 3 spell: Spider Form
  2116 | D:2      | Noticed an ogre
  2125 | D:2      | Killed an ogre
  2126 | D:2      | Reached skill level 1 in Poison Magic
  2126 | D:2      | Reached XP level 4. HP: 9/28 MP: 3/8
  2126 | D:2      | Reached XP level 5. HP: 11/33 MP: 3/9
  2490 | D:2      | Found Korua's Book Shoppe.
  3204 | D:3      | Succumbed to a scorpion's poison

Illustrated notes

Levels and vault maps discovered:
D:1:      lemuel_arrival_tunnels, layout_basic, basic_ecumenical_altar,
          minmay_ruptured
D:2:      layout_rooms, serial_shops, shop_statue
D:3:      layout_loops_ring, portal_sewer_entry_e, minmay_quadrilaterals

Skill      XL: |  1  2  3  4  5 |
---------------+----------------+-----
Transmutations | 3 |  3.8
Poison Magic   | 1 2 |  2.1
Fighting       | |  1.0
Dodging        | |  2.0
Unarmed Combat | |  3.7
Spellcasting   | |  2.8

Action                   |  1- 3 |  4- 6 || total
-------------------------+-------+-------++-------
Melee: Unarmed           |    29 |    36 ||    65
       Constrict         |    10 |       ||    10
       Dagger            |    28 |       ||    28
       Kick              |     8 |       ||     8
       Tentacles         |     8 |       ||     8
       Punch             |     1 |       ||     1
 Fire: Hunting sling     |     5 |       ||     5
 Cast: Beastly Appendage |     6 |       ||     6
       Wereblood         |     1 |     1 ||     2
       Spider Form       |     1 |     8 ||     9
  Use: Scroll            |     9 |       ||     9
       Potion            |     1 |     1 ||     2
 Stab: Sleeping          |     6 |     1 ||     7
Armor: Skin              |     5 |     4 ||     9
Dodge: Dodged            |    38 |    29 ||    67
